 Dungeon Crawl Stone Soup version 0.31-a0-854-g362426d53f (webtiles) character file.

Game seed: 11484617293158151157

1481954 Flugkiller the Conqueror (level 26, 334/334 (345) HPs)
             Began as an Ogre Delver on Oct 8, 2023.
             Was the Champion of Cheibriados.
             Escaped with the Orb
             ... and 3 runes!
             The game lasted 02:13:46 (85129 turns).

Flugkiller the Conqueror (Ogre Delver)             Turns: 85129, Time: 02:13:46

HP:   334/334 (345) AC: 42    Str: 46    XL:     26   Next: 64%
MP:   37/37         EV: 24    Int: 26    God:    Cheibriados [******]
Gold: 5394          SH:  0    Dex: 25    Spells: 29/45 levels left

rFire   + + .        a - +9 giant spiked club (heavy)
rCold   + + .        (shield currently unavailable)
rNeg    + . .        T - +11 gold dragon scales
rPois   +            E - -2 hat of the Alchemist {rElec rPois rF+ rC+ rN+ Will+ rMut rCorr}
rElec   +            Y - +2 cloak {Will+}
rCorr   +            (gloves unavailable)
SInv    .            (boots unavailable)
Will    ++++.        D - amulet of faith Stlth
                     A - ring of the Hare {EV+10}
HPRegen 0.75/turn    N - ring of the Tortoise {AC+8}
MPRegen 0.25/turn

%: resist mutation, faith
@: studying Ranged Weapons, lightly drained, very slow
A: large, unfitting armour, tough skin 1, deterioration 1, poison resistance,
robust 1
0: Orb of Zot
}: 3/15 runes: decaying, serpentine, slimy
a: Renounce Religion, Bend Time, Temporal Distortion, Slouch, Step From Time


You escaped.
You worshipped Cheibriados.
Cheibriados was exalted by your worship.
You visited 10 branches of the dungeon, and saw 51 of its levels.
You also visited: Bailey, Gauntlet, Ice Cave and Desolation.

You collected 7578 gold pieces.
You spent 2184 gold pieces at shops.

Inventory:

Hand Weapons
 a - a +9 heavy giant spiked club (weapon)
   (You took it off an ogre on level 13 of the Dungeon)
 b - a +9 spectral giant spiked club
   (You found it in the Desolation of Salt)
Missiles
 J - a throwing net
 M - 13 curare-tipped darts (quivered)
 X - 76 large rocks
Armour
 E - the -2 hat of the Alchemist (worn) {rElec rPois rF+ rC+ rN+ Will+ rMut rCorr}
   (You found it on level 5 of the Pits of Slime)

   rF+:       It protects you from fire.
   rC+:       It protects you from cold.
   rElec:     It insulates you from electricity.
   rPois:     It protects you from poison rN+: It protects you from negative
   energy.
   Will+:     It increases your willpower.
   rCorr:     It protects you from acid and corrosion.
   rMut:      It protects you from mutation.
 T - +11 gold dragon scales (worn)
   (You took it off a deep elf high priest on level 3 of the Elven Halls)
 Y - a +2 cloak of willpower (worn)
   (You found it in a Gauntlet)
Jewellery
 f - a ring of protection from fire
   (You found it on level 2 of the Depths)
 j - the ring of Pol Seli {rElec Str+6}
   (You took it off a deep elf demonologist on level 3 of the Elven Halls)

   [ring of strength]

   Str+6:     It affects your strength (+6).
   rElec:     It insulates you from electricity.
 m - a ring of willpower
   (You found it in a Gauntlet)
 v - the ring "Yggutwom" {AC+4 Str+3}
   (You found it in the Desolation of Salt)

   [ring of protection]

   AC+4:      It affects your AC (+4).
   Str+3:     It affects your strength (+3).
 A - the ring of the Hare (left hand) {EV+10}
   (You took it off a deep elf blademaster on level 3 of the Elven Halls)

   [ring of evasion]

   EV+10:     It affects your evasion (+10).
 D - an amulet of faith (around neck)
   (You found it on level 6 of the Dungeon)
 N - the ring of the Tortoise (right hand) {AC+8}
   (You took it off a minotaur in a Gauntlet)

   [ring of protection]

   AC+8:      It affects your AC (+8).
Wands
 e - a wand of flame (106)
   (You found it on level 2 of the Lair of Beasts)
 g - a wand of digging (24)
 x - a wand of acid (28)
   (You found it on level 14 of the Dungeon)
 y - a wand of charming (73)
   (You found it on level 4 of the Dungeon)
 F - a wand of polymorph (9)
   (You found it on level 15 of the Dungeon)
 P - a wand of iceblast (33)
   (You found it on level 5 of the Lair of Beasts)
 Z - a wand of mindburst (24)
   (You found it on level 2 of the Elven Halls)
Scrolls
 c - 6 scrolls of fog
 o - 6 scrolls of vulnerability
 p - 2 scrolls of fear
 t - 12 scrolls of teleportation
 u - 6 scrolls of silence
 z - 3 scrolls of blinking
 B - a scroll of summoning
 K - 9 scrolls of poison
 O - a scroll of enchant armour
 U - 3 scrolls of immolation
Potions
 d - 7 potions of might
 i - 8 potions of mutation
 k - 6 potions of attraction
 l - 6 potions of magic
 n - 6 potions of resistance
 q - 14 potions of curing
 s - 9 potions of brilliance
 w - 5 potions of heal wounds
 C - 2 potions of lignification
 G - 5 potions of ambrosia
 H - a potion of invisibility
 I - 4 potions of cancellation
 Q - 3 potions of enlightenment
 S - 3 potions of berserk rage
Miscellaneous
 h - a phantom mirror
   (You found it on level 3 of the Snake Pit)
 L - a phial of floods
   (You found it on level 4 of the Snake Pit)


   Skills:
 O Level 27 Fighting
 - Level 22.0 Maces & Flails
 + Level 16.8 Armour
 - Level 11.0 Dodging
 - Level 3.7 Stealth
 - Level 10.0 Spellcasting
 - Level 9.0 Conjurations
 - Level 14.0 Translocations
 - Level 8.9 Transmutations
 - Level 8.0 Ice Magic
 - Level 14.0 Invocations
 - Level 3.0 Evocations
 - Level 7.0 Shapeshifting


You had 29 spell levels left.
You knew the following spells:

 Your Spells              Type           Power      Damage    Failure   Level
a - Ozocubu's Armour      Ice            53%        N/A       3%          3
b - Lesser Beckoning      Tloc           100%       N/A       1%          2
c - Manifold Assault      Tloc           72%        N/A       1%          4
i - Irradiate             Conj/Tmut      28%        3d21      19%         5
r - Blink                 Tloc           100%       N/A       1%          2

Your spell library contained the following spells:

 Spells                   Type           Power      Damage    Failure   Level
 Apportation              Tloc           100%       N/A       1%          1
 Freeze                   Ice            100%       1d10      1%          1
 Magic Dart               Conj           100%       1d8       1%          1
 Momentum Strike          Conj/Tloc      100%       3d10      1%          2
 Searing Ray              Conj           100%       2d8       1%          2
 Wereblood                Tmut           56%        N/A       1%          2
 Gell's Gravitas          Tloc           72%        N/A       1%          3
 Teleport Other           Tloc           72%        N/A       1%          3
 Hailstorm                Conj/Ice       55%        3d12      2%          3
 Iskenderun's Mystic Bla  Conj/Tloc      64%        2d13      2%          4
 Frozen Ramparts          Ice            100%       1d16      3%          3
 Kiss of Death            Conj/Necr      100%       2d13      4%          1
 Shock                    Conj/Air       100%       1d9       4%          1
 Sting                    Tmut/Pois      100%       1d8       4%          1
 Passwall                 Tmut/Erth      30%        N/A       6%          2
 Static Discharge         Conj/Air       72%        2-5/arc   6%          2
 Ensorcelled Hibernation  Hex/Ice        66%        N/A       8%          2
 Stone Arrow              Conj/Erth      72%        3d11      12%         3
 Dispersal                Tloc           36%        N/A       13%         6
 Dimensional Bullseye     Hex/Tloc       24%        N/A       14%         4
 Vhi's Electric Charge    Tloc/Air       98%        N/A       14%         4
 Iskenderun's Battlesphe  Conj           56%        2d11      19%         5
 Mephitic Cloud           Conj/Pois/Air  28%        N/A       22%         3
 Necrotise                Necr           52%        1d6       26%         1
 Sandblast                Erth           26%        2d8       26%         1
 Summon Small Mammal      Summ           52%        N/A       26%         1
 Call Imp                 Summ           26%        N/A       36%         2
 Cigotuvi's Dreadful Rot  Necr/Pois/Air  26%        N/A       36%         2
 Jinxbite                 Hex            26%        N/A       36%         2
 Poisonous Vapours        Pois/Air       26%        N/A       36%         2
 Scorch                   Fire           26%        2d6       36%         2
 Sublimation of Blood     Necr           13%        N/A       36%         2
 Flame Wave               Conj/Fire      36%        2d10      38%         4
 Fulminant Prism          Conj/Hex       18%        3d11      38%         4
 Petrify                  Tmut/Erth      36%        N/A       38%         4
 Sticky Flame             Conj/Fire      36%        2d6       38%         4
 Summon Ice Beast         Ice/Summ       33%        N/A       45%         4
 Freezing Cloud           Conj/Ice/Air   21%        6-21      56%         5
 Call Canine Familiar     Summ           13%        N/A       61%         3
 Inner Flame              Hex/Fire       13%        N/A       61%         3
 Summon Guardian Golem    Hex/Summ       13%        N/A       61%         3
 Swiftness                Air            13%        N/A       61%         3
 Tukima's Dance           Hex            13%        N/A       61%         3
 Vampiric Draining        Necr           13%        2d6       61%         3
 Alistair's Intoxication  Tmut/Pois      24%        N/A       75%         5
 Arcjolt                  Conj/Air       18%        1d28      75%         5
 Fireball                 Conj/Fire      18%        3d9       75%         5
 Metabolic Englaciation   Hex/Ice        16%        N/A       80%         5
 Airstrike                Air            6%         2d(1-17)  95%         4
 Anguish                  Hex/Necr       6%         N/A       95%         4
 Animate Armour           Summ/Erth      26%        N/A       95%         4
 Cause Fear               Hex            6%         N/A       95%         4
 Dispel Undead            Necr           13%        3d9       95%         4
 Olgreb's Toxic Radiance  Pois           13%        N/A       95%         4
 Summon Lightning Spire   Summ/Air       13%        N/A       95%         4
 Bombard                  Conj/Erth      18%        9d4       99%         6
 Conjure Ball Lightning   Conj/Air       18%        3x3d6     99%         6
 Disjunction              Tloc           36%        N/A       99%         8
 Agony                    Necr           13%        N/A       100%        5
 Borgnjor's Vile Clutch   Necr/Erth      6%         N/A       100%        5
 Lee's Rapid Deconstruct  Erth           6%         3d6*      100%        5
 Summon Mana Viper        Hex/Summ       13%        N/A       100%        5
 Death Channel            Necr           6%         N/A       100%        6
 Plasma Beam              Fire/Air       6%         2x1d17    100%        6
 Simulacrum               Ice/Necr       16%        N/A       100%        6
 Summon Cactus Giant      Summ           6%         N/A       100%        6
 Haunt                    Necr/Summ      6%         N/A       100%        7
 Malign Gateway           Summ/Tloc      24%        N/A       100%        7
 Monstrous Menagerie      Summ           6%         N/A       100%        7
 Ozocubu's Refrigeration  Ice            26%        4d13      100%        7
 Spellforged Servitor     Conj/Summ      18%        N/A       100%        7
 Borgnjor's Revivificati  Necr           6%         N/A       100%        8
 Discord                  Hex            6%         N/A       100%        8
 Lehudib's Crystal Spear  Conj/Erth      18%        10d5      100%        8
 Summon Horrible Things   Summ           6%         N/A       100%        8
 Chain Lightning          Conj/Air       18%        3d24      100%        9
 Death's Door             Necr           6%         N/A       100%        9
 Dragon's Call            Summ           6%         N/A       100%        9
 Fire Storm               Conj/Fire      18%        8d5       100%        9
 Polar Vortex             Ice            26%        12d3*     100%        9
 Shatter                  Erth           6%         3d9*      100%        9


Dungeon Overview and Level Annotations

Branches:
Dungeon (15/15)            Temple (0/1) D:6            Lair (5/5) D:11
  Swamp (4/4) Lair:2        Snake (4/4) Lair:2        Slime (5/5) Lair:4
    Orc (2/2) D:10            Elf (3/3) Orc:2        Vaults (4/5) D:13
  Crypt (0/3) Vaults:2     Depths (4/4) D:15            Zot (5/5) Depths:4
 Bailey (visited)           IceCv (visited)         Desolation (visited)
Gauntlet (visited)

Altars:
Ashenzari
Cheibriados
Dithmenos
Elyvilon
Fedhas
Kikubaaqudgha
Makhleb
Nemelex Xobeh
Qazlal
Ru
Vehumet
Wu Jian
Xom
Yredelemnul
The Shining One
Jiyva
Lugonu

Shops:
D:1 [   D:13 ?   Orc:2 **((   Elf:1 *   Snake:2 (   Snake:3 *(   Snake:4 =:=
Vaults:4 =   Depths:1 [

Portals:
Hell: Depths:1 Depths:2 Depths:3 Depths:4
Abyss: Lair:5 Depths:3
Pandemonium: Depths:1 Depths:2
Ziggurat: Depths:4
Trove: D:10 (give +7 demon whip)

Annotations:
D:8 exclusions: deep elf pyromancer and 1 more exclusion
Lair:1 exclusion: oklob plant
Swamp:2 1 runed translucent door, xfalz's ghost, journeyman GnSk
Snake:1 exclusion: shock serpent
Elf:2 3 runed translucent doors
Elf:3 3 runed translucent doors, bmj180's ghost, adept HuCj
Zot:3 1 transporter


Innate Abilities, Weirdness & Mutations

You are too large for most types of armour.
You have tough skin. (AC +1)
Your body sometimes deteriorates upon taking damage.
Your system is resistant to poisons. (rPois)
You are robust. (+10% HP)


Message History

You completely miss something. Something barely misses you.
You beat something like a drum!!!!
Cheibriados appreciates the change of pace.
Reactivating autopickup.
You feel a bit more experienced.
Magic restored.
An Executioner comes into view.
The Executioner hits you but does no damage.
The Executioner closely misses you.
The Executioner hits you but does no damage.
The Executioner gestures.
The Executioner seems to speed up.
The Executioner hits you. The Executioner closely misses you.
The Executioner misses you.
The Executioner hits you but does no damage. x2
The Executioner completely misses you.
There is a stone staircase leading up here.
You completely miss the Executioner. The Executioner misses you.
The Executioner barely misses you. x2
The Executioner hits you but does no damage.
The Executioner completely misses you.
The Executioner hits you but does no damage.
The Executioner hits you.
The Executioner hits you but does no damage. x2
You barely miss the Executioner. The Executioner misses you.
The Executioner closely misses you.
The Executioner hits you but does no damage. x3
The Executioner hits you. The Executioner closely misses you.
The Executioner hits you but does no damage. x2
You crush the Executioner like a grape!!!
The Executioner is almost dead.
The Executioner hits you but does no damage.
The Executioner completely misses you.
The Executioner hits you but does no damage. x7
You barely miss the Executioner.
The Executioner is almost dead.
The Executioner hits you but does no damage.
The Executioner completely misses you. The Executioner misses you.
The Executioner closely misses you.
The Executioner hits you but does no damage.
The Executioner completely misses you. The Executioner closely misses you.
The Executioner barely misses you.
The Executioner hits you but does no damage.
You hammer the Executioner like a gong!!!!
You kill the Executioner!
Cheibriados thoroughly appreciates the change of pace.
A large abomination comes into view.
You impale the large abomination!!
The large abomination is heavily damaged.
The large abomination misses you.
You hammer the large abomination like a gong!!!!
You destroy the large abomination!
No target in view!
An orange demon comes into view.
You stick the orange demon like a pincushion!!!!
You kill the orange demon!
Cheibriados appreciates the change of pace.
No target in view!
No target in view!
There is a stone staircase leading up, spattered with blood here.
There is a strange disturbance nearby!
Unknown command.
Something hits you but does no damage.
Deactivating autopickup; reactivate with Ctrl-A.
Something hits you!!
You feel your power leaking away.
Unknown command.
You closely miss something. Something hits you!
You feel your power leaking away.
You stick something like a pincushion!!!!
Cheibriados appreciates the change of pace.
Reactivating autopickup.
You feel a bit more experienced.
What level of the Dungeon? (default 1, ? - help)
There is a stone staircase leading up, spattered with blood here.
You climb upwards.
There is a stone staircase leading down here.
A chaos spawn comes into view.
You stick the chaos spawn like a pincushion!!!
You kill the chaos spawn!
Cheibriados appreciates the change of pace.
The chaos spawn degenerates into a cloud of primal chaos!
Okay, then.
HP restored.
A reaper comes into view. It is wielding a +2 scythe of flaming.
Casting: Manifold Assault (mildly dangerous; 1% risk of failure)
Confirm with . or Enter, or press ? or * to list all spells.
Space momentarily warps into an impossible shape!
You pound the reaper like an anvil!!! The reaper completely misses you.
The reaper hits you with a +2 scythe of flaming!!
You flatten the reaper like a pancake!!!
You kill the reaper!
Cheibriados appreciates the change of pace.
You see here a +2 scythe of flaming.
No target in view!
Magic restored.
There is a staircase leading out of the dungeon here.
Unknown command.
Enter note: gg You have escaped!

########.####..#.#..#.####.#
#............#.......
######.......########
#.......#....#
#################.##.##.#
##..##[..#..##..##.##.##.#
#.......###..#...#.##.##.#
##......##........#.##.##.#
#......#....@....##.##.##.#
#........[......###.##.##.#
##............#### #.##.##.#
#..........#### ##.......#
##.........## ##...#.#..#
#.......#### #......)..#
#.....### ###....##..####
#..#### ########.....>.......#
#...######.(..#...###..#..#####


There were no monsters in sight!

Vanquished Creatures
  the Royal Jelly (Slime:5)
  2 dread liches
  5 orbs of fire (Zot:5)
  3 ancient liches (Zot:5)
  Mara (Depths:1)
  2 juggernauts
  3 Killer Klowns (Zot:5)
  Saint Roka (Orc:2)
  Bai Suzhen (Vaults:4)
  A curse toe (Zot:2)
  9 golden dragons
  A profane servitor (D:8)
  2 Tzitzimimeh
  3 Brimstone Fiends
  7 electric golems
  Zenata (Vaults:2)
  29 Orb Guardians
  14 tentacled monstrosities
  6 liches
  A walking earthen tome (Depths:3)
  A walking divine tome (Depths:4)
  2 deep elf master archers (Elf:3)
  Asterion (Depths:1)
  2 deep elf blademasters (Elf:3)
  17 acid blobs
  4 quicksilver dragons
  A sphinx (Vaults:3)
  Gastronok (Lair:2)
  2 ancient champions (Elf:2)
  Kirke (Swamp:2)
  2 Executioners
  Agnes (D:14)
  13 shadow dragons
  A thorn hunter (Swamp:4)
  9 storm dragons
  The ghost of AppleFox63 the Warrior, an adept MiMo of Makhleb (Swamp:3)
  6 death cobs
  A tengu reaver (Depths:3)
  A demonspawn warmonger (D:7)
  4 draconian monks
  9 azure jellies
  15 rockslimes
  7 nagarajas
  4 deep elf sorcerers (Elf:3)
  5 fire giants
  A draconian knight (Zot:1)
  4 vault wardens
  7 frost giants
  3 deep elf elementalists (Elf:3)
  An iron dragon (Depths:3)
  A ghost moth (Zot:4)
  A balrug (D:7)
  5 draconian scorchers
  4 spectral caustic shrikes (Depths:2)
  4 draconian shifters
  3 imperial myrmidons (Desolation)
  5 orc warlords
  A demonspawn blood saint (D:7)
  A ghoul (Swamp:3)
  A draconian annihilator (Zot:4)
  15 ironbound preservers
  A juggernaut skeleton (Depths:3)
  A spriggan defender (Depths:3)
  4 draconian stormcallers
  12 stone giants
  19 quicksilver oozes
  15 very ugly things
  3 reapers
  A war gargoyle (Vaults:1)
  4 formless jellyfish
  3 lorocyprocas
  3 eleionomae
  5 black draconians
  6 green draconians
  8 ironbound thunderhulks
  Nessos (D:12)
  6 deep elf demonologists (Elf:3)
  5 white draconians
  4 vampire knights
  A bunyip (shapeshifter) (Lair:5)
  2 halazid warlocks (Desolation)
  6 deep elf annihilators (Elf:3)
  12 red draconians
  5 purple draconians
  A minotaur (Gauntlet)
  13 yellow draconians
  8 dire elephants
  10 deep elf death magi
  A crystal guardian (Vaults:4)
  7 ettins
  10 fire dragons
  Josephine (D:11)
  A shambling mangrove (Swamp:4)
  10 yaktaur captains
  2 green deaths
  6 ragged hierophants (Desolation)
  3 deep elf high priests (Elf:3)
  2 entropy weavers (Vaults:3)
  9 great orbs of eyes
  2 salamander tyrants (Snake:4)
  9 peacekeepers
  11 ice dragons
  3 rakshasas
  2 vault guards (Vaults:4)
  8 ironbound frosthearts
  5 servants of whispers (Desolation)
  5 ghost crabs
  4 spriggan air magi
  4 anacondas
  19 hydras
  A sphinx zombie (Vaults:2)
  5 ogre magi
  17 centaur warriors
  16 alligators
  7 boulder beetles
  2 two-headed ogres (shapeshifter)
  Erica (D:8)
  7 tengu warriors
  2 death scarabs (Gauntlet)
  9 naga warriors
  11 death yaks
  19 two-headed ogres
  5 deep troll earth magi
  3 vampire magi
  7 deep troll shamans
  21 dancing weapons
  10 spriggan berserkers
  3 thrashing horrors (Lair:5)
  5 shock serpents
  An orc high priest (Elf:1)
  7 naga sharpshooters
  Sonja (Lair:1)
  7 deep elf knights
  14 hell knights (Depths:3)
  A skyshark (Lair:4)
  2 sixfirhies (Depths:2)
  A sun demon (D:13)
  A shadow wraith (Elf:2)
  3 salamander mystics
  6 large abominations
  9 iron trolls
  9 goliath frogs
  3 glowing orange brains
  A shadow demon (Depths:1)
  5 elf simulacra (Elf:2)
  3 naga ritualists
  A golden dragon zombie (Depths:3)
  9 bog bodies
  55 deep trolls
  3 spriggan druids
  3 flayed ghosts
  12 swamp dragons
  3 phantasmal warriors
  11 deep elf archers
  A glowing orange brain (shapeshifter) (Vaults:4)
  14 ironbound convokers
  3 harpies (Vaults:3)
  28 deep elf pyromancers
  12 orc knights
  A golden dragon skeleton (Depths:3)
  3 mana vipers
  25 deep elf zephyrmancers
  6 wizards
  6 lindwurms
  28 ugly things
  5 shining eyes
  14 necromancers
  11 salamanders
  6 cyclopes
  An orc sorcerer (Orc:1)
  A tengu skeleton (Vaults:2)
  3 manticores (D:12)
  3 will-o-the-wisps
  An ice statue (IceCv)
  22 moths of wrath
  A rust devil (Depths:2)
  9 vault sentinels
  Maurice (D:9)
  3 guardian serpents
  Joseph (D:7)
  A minotaur zombie (Gauntlet)
  An eye of devastation (shapeshifter) (Vaults:1)
  2 spectral elves (Elf:2)
  21 black mambas
  2 gargoyles
  2 orange demons
  5 smoke demons
  11 naga magi
  2 eyes of devastation
  10 cane toads
  An unseen horror (shapeshifter) (Elf:3)
  Jeremiah (D:9)
  17 yaktaurs
  A komodo dragon (shapeshifter) (Lair:5)
  10 komodo dragons
  The ghost of Stil the Sneak, a novice OpBr of Elyvilon (D:5)
  Psyche (D:9)
  7 rime drakes
  An ice devil (Depths:1)
  A freezing wraith (D:14)
  2 kobold demonologists
  2 efreet (D:13)
  A yaktaur (shapeshifter) (Vaults:1)
  2 tengu conjurers
  A merfolk (shapeshifter) (Elf:1)
  2 red devils
  3 meliai (D:14)
  A bloated husk (Swamp:1)
  3 hellwings (Depths:1)
  5 polar bears
  A queen bee (shapeshifter) (Vaults:1)
  A shadow dragon simulacrum (Depths:3)
  6 trolls
  11 tyrant leeches
  12 hornets
  46 saltlings (Desolation)
  A raiju (Lair:5)
  21 blink frogs
  102 slime creatures
  13 flying skulls
  A centaur simulacrum (D:15)
  A culicivora (Vaults:3)
  A culicivora (shapeshifter) (Lair:5)
  A vampire (D:13)
  3 ynoxinuls
  7 wraiths
  11 spriggans
  5 air elementals
  2 spriggans (shapeshifter)
  3 water elementals
  4 wyverns
  A shadow (D:10)
  10 fire elementals
  2 hogs (Swamp:2)
  A basilisk (shapeshifter) (Elf:3)
  A spectral komodo dragon (Gauntlet)
  A yak (shapeshifter) (Depths:2)
  9 basilisks
  47 yaks
  A steam dragon (Lair:4)
  28 vampire mosquitoes
  A spectral cane toad (Gauntlet)
  6 chaos spawn
  21 swamp worms
  A human zombie (Depths:3)
  42 nagas
  3 wargs
  2 acid dragons
  9 water moccasins
  A glowing shapeshifter zombie (Vaults:2)
  A floating eye (Slime:2)
  4 swamp drakes (Swamp:4)
  A sky beast (D:7)
  28 orc warriors
  34 ogres
  An ettin simulacrum (Vaults:2)
  4 boggarts
  20 wolves
  13 centaurs
  2 phantoms
  5 kobold brigands
  10 bullfrogs
  10 small abominations
  5 earth elementals
  3 scorpions
  6 wights
  5 killer bees
  An electric eel (Lair:2)
  3 howler monkeys
  2 lava snakes (Lair:2)
  3 quasits (D:5)
  21 orc priests
  3 jellies (Lair:4)
  4 hounds
  2 sleepcaps
  10 iguanas
  21 orc wizards
  5 hell rats (Lair:2)
  6 gnolls (Bailey)
  4 adders
  2 shadow imps
  A white imp (D:7)
  4 worms
  A dart slug (D:1)
  88 orcs
  8 endoplasms
  6 goblins
  12 hobgoblins
  6 jackals
  A quokka (D:2)
  2 ball pythons (D:1)
  7 bats
  2 frilled lizards (D:1)
  20 kobolds
  7 rats
  A spectral orc (D:3)
  2 spectral weapons
2042 creatures vanquished.

Vanquished Creatures (collateral kills)
  3 gnolls (Bailey)
  An orc (D:10)
  A kobold (D:9)
5 creatures vanquished.

Vanquished Creatures (others)
  2 draconian knights (Zot:1)
  An eleionoma (Swamp:2)
  A deep elf knight (Elf:2)
  A deep elf pyromancer (Elf:1)
  2 deep elf zephyrmancers (Elf:1)
  A tyrant leech (Swamp:4)
  4 bloated husks
  A flying skull (Zot:1)
  A water elemental (Elf:3)
  2 humans (Swamp:2)
  An ogre (Elf:1)
  A wight (D:9)
  3 orcs (Elf:1)
  4 foxfires
  A lost soul (Elf:2)
  19 spectral weapons
45 creatures vanquished.

Grand Total: 2092 creatures vanquished

Notes
Turn   | Place    | Note
-------+----------+-------------------------------------------
     0 | D:5      | Flugkiller the Ogre Delver began the quest for the Orb.
     0 | D:5      | Reached XP level 1. HP: 24/24 MP: 1/1
    24 | D:5      | Noticed a howler monkey
    35 | D:5      | Killed a howler monkey
    36 | D:5      | Reached XP level 2. HP: 11/32 MP: 2/2
    36 | D:5      | Reached XP level 3. HP: 13/39 MP: 3/3
   190 | D:3      | Found a shimmering altar of Xom.
   228 | D:3      | Found a radiant altar of Vehumet.
   640 | D:1      | Reached XP level 4. HP: 45/48 MP: 4/4
   700 | D:1      | Found Fenonoca's Armour Shoppe.
  2182 | D:3      | Reached skill level 5 in Fighting
  2191 | D:3      | Found a basalt altar of Yredelemnul.
  2369 | D:3      | Found an ancient bone altar of Kikubaaqudgha.
  2380 | D:3      | Reached XP level 5. HP: 57/57 MP: 5/5
  3193 | D:5      | Noticed a phantom
  3193 | D:5      | Noticed a black bear
  3193 | D:5      | Noticed a water moccasin
  3414 | D:4      | Reached skill level 6 in Fighting
  3691 | D:4      | Killed a phantom
  3692 | D:4      | Reached skill level 7 in Fighting
  3692 | D:4      | Reached XP level 6. HP: 43/71 MP: 6/6
  4293 | D:5      | Found a snail-covered altar of Cheibriados.
  4324 | D:5      | Became a worshipper of Cheibriados the Contemplative
  4558 | D:5      | Found a transporter.
  4568 | D:5      | Noticed Stil's ghost (novice OpBr)
  4611 | D:5      | Reached skill level 8 in Fighting
  4948 | D:5      | Found a shadowy altar of Dithmenos.
  4962 | D:5      | Reached XP level 7. HP: 34/80 MP: 7/7
  5348 | D:5      | Found a transporter.
  5557 | D:6      | Reached skill level 5 in Maces & Flails
  5792 | D:6      | Found a burning altar of Makhleb.
  5805 | D:6      | Reached * piety under Cheibriados
  6022 | D:6      | Reached XP level 8. HP: 47/88 MP: 8/8
  6555 | D:1      | Bought a +2 robe of fire resistance for 212 gold pieces
  6725 | D:6      | Found a staircase to the Ecumenical Temple.
  7570 | D:7      | Reached skill level 5 in Dodging
  7630 | D:7      | Reached ** piety under Cheibriados
  7813 | D:7      | Noticed Joseph
  7843 | D:7      | Killed Joseph
  8110 | D:7      | Reached XP level 9. HP: 88/96 MP: 10/12
  8216 | D:7      | Reached skill level 5 in Invocations
  8554 | D:7      | Reached skill level 1 in Evocations
  9299 | D:7      | Reached *** piety under Cheibriados
  9532 | D:8      | Noticed Erica
  9582 | D:8      | Killed Erica
  9583 | D:8      | Reached skill level 9 in Fighting
  9733 | D:8      | Reached XP level 10. HP: 51/107 MP: 14/14
  9894 | D:8      | Found a glowing golden altar of the Shining One.
  9938 | D:8      | Found a blossoming altar of Fedhas.
 10028 | D:8      | Identified the +1 robe of the Catamount {rC+ Will+ Str-5
                  | Int+3}
 10028 | D:8      | Noticed a deep elf pyromancer
 10330 | D:9      | Noticed Jeremiah
 10394 | D:9      | Found an ornate altar of the Wu Jian Council.
 10396 | D:9      | Found a sacrificial altar of Ru.
 10398 | D:9      | Found a white marble altar of Elyvilon.
 10499 | D:10     | Entered Level 10 of the Dungeon
 10514 | D:9      | Noticed Psyche
 10585 | D:9      | Found a flagged portal.
 10605 | D:9      | Reached **** piety under Cheibriados
 10725 | Bailey   | Entered a bailey
 11021 | Bailey   | Noticed an orc knight
 11026 | Bailey   | Reached skill level 10 in Fighting
 11271 | Bailey   | Killed an orc knight
 11604 | D:9      | Gained mutation: You passively map a small area around you.
                  | [potion of mutation]
 11604 | D:9      | Gained mutation: You have hidden genetic defects. [potion
                  | of mutation]
 11604 | D:9      | Gained mutation: You are partially covered in iridescent
                  | scales. (AC +2) [potion of mutation]
 11605 | D:9      | Lost mutation: You are partially covered in iridescent
                  | scales. (AC +2) [potion of mutation]
 11605 | D:9      | Lost mutation: You passively map a small area around you.
                  | [potion of mutation]
 11605 | D:9      | Gained mutation: Your spells are a little harder to cast,
                  | but a little more powerful. [potion of mutation]
 11606 | D:9      | Lost mutation: Your spells are a little harder to cast, but
                  | a little more powerful. [potion of mutation]
 11606 | D:9      | Lost mutation: You have hidden genetic defects. [potion of
                  | mutation]
 11606 | D:9      | Gained mutation: You have supernaturally acute eyesight.
                  | (SInv) [potion of mutation]
 11733 | D:9      | Found a sparkling altar of Nemelex Xobeh.
 11833 | D:9      | Noticed Maurice
 11839 | D:9      | Killed Psyche
 11846 | D:9      | Maurice stole a beast talisman
 11851 | D:9      | Killed Maurice
 11953 | D:9      | Reached skill level 11 in Fighting
 11953 | D:9      | Killed Jeremiah
 12404 | D:10     | Reached skill level 1 in Shapeshifting
 12748 | D:10     | Reached XP level 11. HP: 123/123 MP: 17/17
 12919 | D:10     | Found a staircase to the Orcish Mines.
 12968 | D:10     | Reached ***** piety under Cheibriados
 13169 | D:10     | Reached skill level 12 in Fighting
 13317 | D:10     | Found a portal to a secret trove of treasure.
 14140 | D:11     | Noticed a boulder beetle
 14146 | D:11     | Noticed Josephine
 14154 | D:11     | Killed Josephine
 14415 | D:11     | Found a staircase to the Lair.
 14740 | D:11     | Reached skill level 5 in Shapeshifting
 14824 | D:11     | Killed a boulder beetle
 14840 | D:11     | Reached skill level 10 in Maces & Flails
 15455 | Lair:1   | Entered Level 1 of the Lair of Beasts
 15880 | Lair:1   | Reached XP level 12. HP: 86/132 MP: 18/18
 16692 | Lair:1   | Noticed Sonja
 16693 | Lair:1   | Killed Sonja
 16858 | Lair:1   | Reached skill level 13 in Fighting
 18720 | Lair:2   | Found a staircase to the Swamp.
 18728 | Lair:2   | Reached skill level 14 in Fighting
 19352 | Lair:2   | Reached XP level 13. HP: 124/144 MP: 19/19
 19457 | Lair:2   | Noticed Gastronok
 19760 | Lair:2   | Found a staircase to the Snake Pit.
 20054 | Lair:2   | Learned a level 3 spell: Ozocubu's Armour
 20060 | Lair:2   | Learned a level 5 spell: Irradiate
 20129 | Lair:2   | Killed Gastronok
 20130 | Lair:2   | Reached skill level 1 in Spellcasting
 20291 | Lair:3   | Reached skill level 1 in Conjurations
 20291 | Lair:3   | Reached skill level 1 in Transmutations
 20291 | Lair:3   | Reached skill level 1 in Ice Magic
 20364 | Lair:3   | Found a frozen archway.
 20376 | IceCv    | Entered an ice cave
 21845 | IceCv    | HP: 2/148 [yak (13)]
 21846 | IceCv    | Noticed a frost giant
 22539 | IceCv    | Killed a frost giant
 22787 | IceCv    | Got a moth-eaten book
 23568 | Lair:4   | Reached skill level 5 in Spellcasting
 24002 | Lair:4   | Found a runed translucent door.
 24003 | Lair:4   | Found a staircase to the Slime Pits.
 24028 | Lair:4   | Reached XP level 14. HP: 147/157 MP: 21/21
 24340 | Lair:5   | Entered Level 5 of the Lair of Beasts
 25121 | Lair:5   | Reached skill level 5 in Ice Magic
 25130 | Lair:5   | Reached skill level 5 in Conjurations
 25136 | Lair:5   | Reached skill level 5 in Transmutations
 26426 | Lair:5   | Found a corrupted altar of Lugonu.
 26426 | Lair:5   | Found a one-way gate to the infinite horrors of the Abyss.
 26430 | Lair:5   | Identified the +9 sling of Buddexe {speed, rF+ Str+2 Dex+2}
 27104 | D:12     | Noticed Nessos
 27109 | D:12     | Killed Nessos
 27242 | D:12     | Found a stormy altar of Qazlal.
 28932 | D:13     | Reached XP level 15. HP: 114/165 MP: 27/27
 29216 | D:13     | HP: 1/165 [slime creature (17)]
 29599 | D:13     | Found a gate to the Vaults.
 29968 | D:13     | Identified the +8 falchion of Springtime {freeze, rElec
                  | rN++ Will+ Dex-4}
 30625 | D:13     | Found Wyahagh's Magic Scroll Shoppe.
 30634 | D:13     | Bought a scroll of teleportation for 42 gold pieces
 30634 | D:13     | Bought a scroll of teleportation for 42 gold pieces
 30634 | D:13     | Bought a scroll of teleportation for 42 gold pieces
 30634 | D:13     | Bought a scroll of teleportation for 42 gold pieces
 30683 | D:13     | Bought a scroll of enchant weapon for 105 gold pieces
 30683 | D:13     | Bought a scroll of enchant armour for 105 gold pieces
 30683 | D:13     | Bought a scroll of enchant weapon for 105 gold pieces
 31498 | D:14     | Noticed Agnes
 31505 | D:14     | Killed Agnes
 31820 | D:15     | Entered Level 15 of the Dungeon
 33194 | D:15     | Found a staircase to the Depths.
 33194 | D:15     | Noticed a frost giant
 33198 | D:15     | Killed a frost giant
 33204 | D:15     | HP: 8/165 [tengu warrior (5)]
 33205 | D:15     | HP: 2/165 [tengu warrior (7)]
 34070 | Orc:1    | Entered Level 1 of the Orcish Mines
 34369 | Orc:1    | Noticed an orc warlord
 34382 | Orc:1    | Killed an orc warlord
 34928 | Orc:2    | Entered Level 2 of the Orcish Mines
 34981 | Orc:2    | Found a gate leading to a gauntlet.
 34994 | Gauntlet | Entered a Gauntlet
 34994 | Gauntlet | Found a transporter.
 34997 | Gauntlet | Found a transporter.
 35014 | Gauntlet | Found a transporter.
 35017 | Gauntlet | Found a transporter.
 35037 | Gauntlet | Found a transporter.
 35050 | Gauntlet | Found a transporter.
 35063 | Gauntlet | Found a transporter.
 35083 | Gauntlet | Found a transporter.
 35087 | Gauntlet | Found a transporter.
 35089 | Gauntlet | Found a runed translucent door.
 35095 | Gauntlet | Found a transporter.
 35103 | Gauntlet | Found a runed translucent door.
 35119 | Gauntlet | Found a transporter.
 35123 | Gauntlet | Found a transporter.
 35187 | Gauntlet | Identified the +0 hat "Wameq" {rElec rN+ Stlth+}
 35439 | Orc:2    | Noticed Saint Roka
 35622 | Orc:2    | Killed Saint Roka
 35623 | Orc:2    | Reached XP level 16. HP: 41/174 MP: 28/28
 36225 | Orc:2    | Found a staircase to the Elven Halls.
 36908 | Orc:2    | Found Covaddy's Antique Weapon Shoppe.
 36908 | Orc:2    | Found Riejonke's Assorted Antiques.
 36909 | Orc:2    | Found Leir Tupp's Weapon Boutique.
 36909 | Orc:2    | Found Riqivof's General Store.
 37182 | Orc:2    | Bought a scroll of fog for 64 gold pieces
 37183 | Orc:2    | Bought a potion of heal wounds for 125 gold pieces
 37183 | Orc:2    | Bought a scroll of enchant weapon for 187 gold pieces
 37183 | Orc:2    | Bought a glass ring for 125 gold pieces
 37619 | D:5      | Killed Stil's ghost
 37807 | Snake:1  | Entered Level 1 of the Snake Pit
 38011 | Snake:1  | Got a levitating book
 39665 | Snake:2  | Reached skill level 15 in Maces & Flails
 40578 | Snake:2  | Found Ruhames's Antique Weapon Shoppe.
 41813 | Snake:3  | Noticed a nagaraja
 41827 | Snake:3  | Killed a nagaraja
 42277 | Snake:3  | Reached XP level 17. HP: 148/182 MP: 29/29
 42537 | Snake:3  | Found Gamnezuj's Weapon Shop.
 42545 | Snake:3  | Found Viutexen's Assorted Antiques.
 42556 | Snake:3  | Bought 3 curare-tipped darts for 46 gold pieces
 43331 | Snake:4  | Entered Level 4 of the Snake Pit
 43489 | Snake:4  | Reached ****** piety under Cheibriados
 43850 | Snake:4  | Identified the +2 ring mail of the Butcher {Will- Int+6
                  | SInv}
 44925 | Snake:4  | Found Hudufademi's Jewellery Boutique.
 44925 | Snake:4  | Found Xuiwossa's Book Shoppe.
 44926 | Snake:4  | Found Tathot's Jewellery Boutique.
 44942 | Snake:4  | Bought a +5 ring of evasion for 396 gold pieces
 46113 | Snake:4  | Got a serpentine rune of Zot
 46354 | Swamp:1  | Entered Level 1 of the Swamp
 47437 | Swamp:2  | Found a runed translucent door.
 47438 | Swamp:2  | Found a shimmering altar of Xom.
 47438 | Swamp:2  | Noticed xfalz's ghost (journeyman GnSk)
 47800 | Swamp:2  | Noticed Kirke
 47812 | Swamp:2  | Killed Kirke
 47968 | Swamp:2  | Identified the +2 rapier of the Manifold Seas {freeze,
                  | Will+ Str+2 Int+2 SInv}
 48741 | Swamp:3  | Reached XP level 18. HP: 145/191 MP: 30/30
 49484 | Swamp:4  | Entered Level 4 of the Swamp
 50711 | Swamp:4  | Found a runed translucent gate.
 50711 | Swamp:4  | Noticed a tentacled monstrosity
 50721 | Swamp:4  | Noticed AppleFox63's ghost (adept MiMo)
 50790 | Swamp:4  | Found a runed translucent gate.
 50790 | Swamp:4  | Found a runed translucent gate.
 51420 | Swamp:4  | Got a decaying rune of Zot
 51702 | Swamp:4  | Killed a tentacled monstrosity
 52029 | Swamp:3  | Killed AppleFox63's ghost
 52178 | Swamp:4  | Identified the +2 whip of Quif {heavy, rPois rN+ Stlth+}
 52412 | Vaults:1 | Entered Level 1 of the Vaults
 52416 | Vaults:1 | Learned a level 2 spell: Lesser Beckoning
 52846 | Elf:1    | Entered Level 1 of the Elven Halls
 52857 | Elf:1    | Reached skill level 1 in Translocations
 53285 | Elf:1    | Reached XP level 19. HP: 193/198 MP: 31/31
 53647 | Elf:1    | Found a runed translucent door.
 53688 | Elf:1    | Found Nosonn's Assorted Antiques.
 53697 | Elf:1    | Bought a potion of heal wounds for 130 gold pieces
 53697 | Elf:1    | Bought a potion of resistance for 260 gold pieces
 53697 | Elf:1    | Bought a potion of curing for 78 gold pieces
 53697 | Elf:1    | Bought a potion of curing for 78 gold pieces
 53756 | Elf:1    | Identified the amulet of Qohogaug {Reflect rC+ SH+5}
 54491 | Elf:1    | Found Nosonn's Assorted Antiques.
 54790 | Elf:2    | Paralysed by an air elemental for 1 turns
 54812 | Elf:2    | Reached skill level 5 in Translocations
 55108 | Elf:2    | Got a graven book
 55515 | Elf:1    | Found a radiant altar of Vehumet.
 55802 | Elf:2    | Found a runed translucent gate.
 55803 | Elf:2    | Found a runed translucent gate.
 55803 | Elf:2    | Found a runed translucent gate.
 56376 | Elf:2    | Got a dog-eared book
 56512 | Elf:3    | Entered Level 3 of the Elven Halls
 56971 | Elf:3    | Reached skill level 15 in Fighting
 57717 | Elf:3    | Found a runed translucent gate.
 57717 | Elf:3    | Found a runed translucent gate.
 57718 | Elf:3    | Found a runed translucent gate.
 57719 | Elf:3    | Noticed bmj180's ghost (adept HuCj)
 57728 | Elf:3    | Found a viscous altar of Jiyva.
 58024 | Elf:3    | Identified the staff "Mokal" {Tloc Earth}
 58026 | Elf:3    | Identified the +9 arbalest "Cierip" {heavy, rN+}
 58146 | Elf:3    | Identified the +6 spear of Jowiza Kuimi {venom, Int+4
                  | Dex-3}
 58499 | Elf:3    | Reached skill level 16 in Fighting
 58650 | Elf:3    | Identified the +1 robe "Icez" {rPois rN+ Str-3}
 58734 | Elf:3    | Identified the +4 plate armour "Igid" {Int+3}
 58751 | Elf:3    | Identified the +6 scimitar "Gioliodd" {pain, rN+ Int+3}
 58755 | Elf:3    | Reached skill level 10 in Dodging
 58764 | Elf:3    | Reached XP level 20. HP: 117/214 MP: 13/32
 59042 | Elf:3    | Identified the ring of Pol Seli {rElec Str+6}
 59220 | Elf:3    | Identified the +10 shortbow "Gram" {antimagic, Will+}
 59231 | Elf:3    | Identified the staff of the Beginning {rC+ Will+++ MP-9
                  | Int+3 SInv Ice}
 59749 | Vaults:1 | Reached skill level 1 in Armour
 59778 | Vaults:1 | HP: 7/217 [yaktaur captain/bolt (36)]
 60184 | Vaults:1 | Reached skill level 17 in Fighting
 61188 | Vaults:2 | Found a crumbling gateway.
 61201 | Vaults:2 | Noticed Zenata
 61402 | Desolati | Entered the Desolation of Salt
 61589 | Desolati | Reached skill level 18 in Fighting
 61615 | Desolati | Reached skill level 5 in Armour
 61940 | Desolati | Identified the +1 dagger "Foyrghyru" {heavy, *Noise Str+5
                  | Dex+3}
 61955 | Desolati | Identified the amulet of Peace {Spirit Harm *Corrode rN+++
                  | Dex+2}
 61961 | Desolati | Got a glistering book
 61974 | Desolati | Got a faded book
 62278 | Desolati | Identified the ring "Tibutet" {rPois Str+3 Dex+3}
 62572 | Desolati | Identified the ring "Vevengos" {Wiz rC+ Str+4}
 62590 | Desolati | Identified the +11 great sword of Eternal Night {flame,
                  | *Corrode rN+++ Will++ Int-5}
 62591 | Desolati | Identified the ring "Yggutwom" {AC+4 Str+3}
 62800 | Desolati | Reached skill level 19 in Fighting
 63026 | Vaults:2 | Reached XP level 21. HP: 167/226 MP: 33/33
 63490 | Vaults:2 | Killed Zenata
 65026 | Vaults:2 | Found a staircase to the Crypt.
 65026 | Vaults:2 | Found a basalt altar of Yredelemnul.
 65027 | Vaults:2 | Found an ancient bone altar of Kikubaaqudgha.
 65231 | Vaults:2 | Reached skill level 20 in Fighting
 65479 | Vaults:2 | Learned a level 4 spell: Manifold Assault
 67057 | Vaults:4 | Reached skill level 10 in Spellcasting
 67190 | Vaults:4 | Noticed Bai Suzhen
 67199 | Vaults:4 | Killed Bai Suzhen
 67295 | Vaults:4 | Reached XP level 22. HP: 247/247 MP: 36/36
 67649 | Vaults:4 | Found Gazood's Jewellery Shop.
 67824 | Vaults:4 | Reached skill level 10 in Armour
 68180 | Depths:1 | Entered Level 1 of the Depths
 68187 | Depths:1 | Noticed Asterion
 68191 | Depths:1 | Killed Asterion
 68379 | Depths:1 | Found Ixkim's Antique Armour Shoppe.
 68596 | Depths:1 | Found a broken altar of Ashenzari.
 68606 | Depths:1 | Noticed Mara
 68620 | Depths:1 | Noticed Flugkiller's illusion
 68625 | Depths:1 | Killed Mara
 68790 | Depths:1 | Found a one-way gate leading to the halls of Pandemonium.
 68961 | Depths:1 | Found a gateway to Hell.
 69142 | Depths:2 | Reached skill level 10 in Translocations
 69470 | Depths:2 | Identified the +11 sling of Wumpiat {antimagic, rPois Str-3
                  | Int+4}
 69688 | Depths:2 | Found a glowing golden altar of the Shining One.
 70794 | Depths:3 | Reached XP level 23. HP: 257/257 MP: 32/37
 71100 | Depths:3 | Reached skill level 21 in Fighting
 71263 | Depths:3 | Noticed a juggernaut
 71278 | Depths:3 | Killed a juggernaut
 72277 | Depths:4 | Entered Level 4 of the Depths
 72700 | Depths:4 | Reached skill level 22 in Fighting
 72773 | Depths:4 | Found a one-way gateway to a ziggurat.
 72782 | Depths:4 | Noticed a juggernaut
 72790 | Depths:4 | Killed a juggernaut
 72961 | Depths:4 | Noticed a golden dragon
 72964 | Depths:4 | Killed a golden dragon
 73530 | Depths:4 | Found a gate to the Realm of Zot.
 73816 | Depths:3 | Identified the +7 quarterstaff "Orb Guardian's Foe"
                  | {freeze, Contam Int+3 Dex+6 SInv}
 74237 | Slime:1  | Entered Level 1 of the Pits of Slime
 74593 | Slime:2  | Reached XP level 24. HP: 272/275 MP: 15/37
 75086 | Slime:5  | Entered Level 5 of the Pits of Slime
 75402 | Slime:5  | Gained mutation: You are frail. (-10% HP) [a shining eye]
 75460 | Slime:5  | Reached skill level 23 in Fighting
 75460 | Slime:5  | Paralysed by a formless jellyfish for 1 turns
 75666 | Slime:5  | Noticed the Royal Jelly
 75974 | Slime:5  | Killed the Royal Jelly
 76302 | Slime:5  | Identified the +0 troll leather armour "Uhiabb" {-Cast
                  | Regen+ Dex+8}
 76311 | Slime:5  | Identified the +0 short sword of Recklessness {flame,
                  | Str+3}
 76315 | Slime:5  | Got a slimy rune of Zot
 76322 | Slime:5  | Got a blackened book
 76326 | Slime:5  | Got a mumbling book
 76328 | Slime:5  | Found the -2 hat of the Alchemist {rElec rPois rF+ rC+ rN+
                  | Will+ rMut rCorr}
 76751 | Slime:5  | Lost mutation: You have supernaturally acute eyesight.
                  | (SInv) [potion of mutation]
 76751 | Slime:5  | Lost mutation: You are frail. (-10% HP) [potion of
                  | mutation]
 76751 | Slime:5  | Gained mutation: Your body sometimes deteriorates upon
                  | taking damage. [potion of mutation]
 76751 | Slime:5  | Gained mutation: You are robust. (+10% HP) [potion of
                  | mutation]
 77535 | Zot:1    | Entered Level 1 of the Realm of Zot
 78133 | Zot:1    | Reached skill level 24 in Fighting
 78937 | Zot:1    | Noticed a dread lich
 78949 | Zot:1    | Killed a dread lich
 79365 | Zot:2    | Reached XP level 25. HP: 233/318 MP: 37/37
 79544 | Zot:2    | Identified the +3 flail "Xymn" {freeze, rC++ rCorr Str-5}
 79636 | Zot:2    | Reached skill level 25 in Fighting
 80262 | Zot:3    | Found a transporter.
 80338 | Zot:3    | Found a transporter.
 80358 | Zot:3    | Reached skill level 15 in Armour
 80851 | Zot:3    | Noticed an orb of fire
 81299 | Zot:4    | Reached skill level 26 in Fighting
 81777 | Zot:5    | Entered Level 5 of the Realm of Zot
 82107 | Zot:5    | Learned a level 2 spell: Blink
 82322 | Zot:5    | Noticed a dread lich
 82675 | Zot:5    | Noticed an orb of fire
 82684 | Zot:5    | Noticed an orb of fire
 82723 | Zot:5    | Killed a dread lich
 82815 | Zot:5    | Noticed a Killer Klown
 82820 | Zot:5    | Noticed an orb of fire
 82822 | Zot:5    | Killed an orb of fire
 82823 | Zot:5    | Killed an orb of fire
 83283 | Zot:5    | Noticed a Killer Klown
 83283 | Zot:5    | Noticed an ancient lich
 83284 | Zot:5    | Noticed an orb of fire
 83285 | Zot:5    | Noticed an orb of fire
 83293 | Zot:5    | Killed an orb of fire
 83294 | Zot:5    | Killed an orb of fire
 83294 | Zot:5    | Gained mutation: Your system is resistant to poisons.
                  | (rPois) [an orb of fire]
 83295 | Zot:5    | Reached skill level 27 in Fighting
 83295 | Zot:5    | Killed an orb of fire
 83296 | Zot:5    | Reached XP level 26. HP: 319/345 MP: 12/37
 83296 | Zot:5    | Noticed a Killer Klown
 83297 | Zot:5    | Killed a Killer Klown
 83298 | Zot:5    | Killed a Killer Klown
 83446 | Zot:5    | Killed a Killer Klown
 83455 | Zot:5    | Killed an ancient lich
 83456 | Zot:5    | Reached skill level 10 in Invocations
 83457 | Zot:5    | Noticed an ancient lich
 83575 | Zot:5    | Killed an ancient lich
 83778 | Zot:5    | Noticed an ancient lich
 83779 | Zot:5    | Killed an ancient lich
 84337 | Zot:5    | Got the Orb of Zot
 85128 | D:1      | gg
 85129 | D:$      | Escaped with the Orb!

Illustrated notes

########.####..#.#..#.####.#
#............#.......
######.......########
#.......#....#
#################.##.##.#
##..##[..#..##..##.##.##.#
#.......###..#...#.##.##.#
##......##........#.##.##.#
#......#....@....##.##.##.#
#........[......###.##.##.#
##............#### #.##.##.#
#..........#### ##.......#
##.........## ##...#.#..#
#.......#### #......)..#
#.....### ###....##..####
#..#### ########.....>.......#
#...######.(..#...###..#..#####


Turn 85128 on D:1: gg

Levels and vault maps discovered:
D:1:      dpeg_arrival_arbitrary_a, layout_basic, serial_shops,
          nicolae_shop_tiny_glass
D:2:      layout_basic, kennysheep_generic_room_15
D:3:      layout_rooms, yredelemnul_forgotten_temple_becter, vehumet_crystals,
          kiku_gazebo_garden_becter, xom_butterflies
D:4:      nicolae_cairo_tiling_large_dashed, layout_loops_ring,
          minmay_misc_feat_columns
D:5:      layout_loops_ring, kennysheep_mini,
          mainiacjoe_overflow_surrounded_room, gammafunk_ghost_stat_death,
          nicolae_fountain_basement
D:6:      layout_layer_cave, lemuel_doored_altar, minmay_temple_entry_slanted,
          serial_co_window_serial, co_window_paths_b, co_window_paths_a,
          co_window_corner_a, co_window_of_opportunity_a,
          co_window_of_opportunity_a, co_window_corner_a, co_window_cross_2,
          co_window_corner_b, co_window_2corner, co_window_broadway_b,
          co_window_broadway_a, co_window_unsneaky_path_e, co_window_paths_e,
          glass_columns_b, glass_columns_b, glass_columns_a, glass_columns_a,
          glass_columns_b
D:7:      layout_basic, kennysheep_boxes, uniq_joseph
D:8:      layout_cave_pools, kennysheep_mini_moat, fedhas_altar_1,
          minmay_small_thing, uniq_erica
D:9:      layout_long_grid, nemelex_spade_bored_becter, minitemple,
          enter_bailey_4, uniq_jeremiah, uniq_psyche, uniq_maurice
D:10:     layout_rooms, hiddenorc2_lemuel, nicolae_trove_entry_diagonal
D:11:     layout_cross, david_lair_shrubbed, serial_bayou_pond_c, uniq_josephine
D:12:     layout_long_grid, nicolae_qazlal_style_of_elements, uniq_nessos
D:13:     layout_rooms, hangedman_vaults_entry_quadrant_bands, serial_shops,
          shop, kennysheep_decorative_pillar
D:14:     layout_basic, uniq_agnes
D:15:     grunt_enter_depths_snipers, layout_long_grid, minivault_11
Lair:1:   layout_layer_cave, nicolae_quartered_pool_little,
          serial_bayou_shore_b, grunt_megastairs_2, uniq_sonja
Lair:2:   layout_small_grid, nicolae_swamp_entry_splash_gauntlet,
          nicolae_snake_entry_warm_welcome, grunt_megastairs_1, uniq_gastronok
Lair:3:   layout_cave_pods, portal_ice_cave_entry_pillars_2, grunt_megastairs_3
Lair:4:   layout_big_grid, slime_entry_2, minivault_23, lemuel_fruit_tree,
          serial_bayou_shore_b
Lair:5:   hellmonk_lair_end_abyssal_woods, layout_loops_ring
Swamp:1:  layout_basic_swamp, nicolae_swamp_triple_paths,
          nicolae_swamp_bloodsuckers_inc
Swamp:2:  layout_basic_swamp, ebering_ghost_xom, serial_swamp_ruin,
          evilmike_swamp_ruin_house_1, evilmike_swamp_ruin_house_6,
          evilmike_swamp_ruin_rubble_2, uniq_kirke
Swamp:3:  layout_falls_marsh, evilmike_swamp_ruin_house_2
Swamp:4:  swamp_basic_johnstein, layout_basic_swamp, gammafunk_ghost_split,
          swamp_pool1, infiniplex_staircase_pool
Snake:1:  layout_concentric_octagons
Snake:2:  layout_onion, grunt_megastairs_5, minmay_shop_star
Snake:3:  layout_chambers, drop_trap, minmay_shoptagon
Snake:4:  minmay_snake_end_coiled, layout_cave_town, serial_bayou_pond_c,
          minmay_shop_grove
Slime:1:  layout_caves
Slime:2:  layout_caves
Slime:3:  layout_caves
Slime:4:  layout_caves, nicolae_slime_crime_time
Slime:5:  slime_pit_nicolae_jellycorners
Orc:1:    layout_caves, nicolae_orc_lava_tube, nicolae_orc_pool_cavern
Orc:2:    st_orc_ogre_mass, layout_caves, gauntlet_entry_generic,
          uniq_saint_roka
Elf:1:    eino_elf_arrival_customs, layout_geoelf_diagonals, serial_shops,
          nicolae_shop_overgrown_old_shop, minmay_elf_crystal_heptagon,
          minivault_13, lemuel_upstairs_altar
Elf:2:    nicolae_elf_blades_crystal_corner, layout_loops_cross,
          nicolae_elf_deep_mausoleum
Elf:3:    elf_hall, layout_loops_cross, gammafunk_ghost_ooze,
          minmay_the_grid_square_5x5_3x3_mashed
          [minmay_the_grid_square_5x5_half_checkered,
          minmay_the_grid_square_5x5_inner_v,
          minmay_the_grid_square_5x5_longway,
          minmay_the_grid_square_5x5_beaten_path,
          minmay_the_grid_square_5x5_megaprize_checkered,
          minmay_the_grid_square_5x5_fat_x, minmay_the_grid_square_5x5_slash,
          minmay_the_grid_square_5x5_two_walls_b,
          minmay_the_grid_square_5x5_tri_point]
Vaults:1: nicolae_vaults_loss_of_containment, hangedman_vaults_slice,
          vaults_mumra_hexcomb, vaults_room_semicircle, vaults_room_door_hall,
          hangedman_vaults_nodes, ontoclasm_vaults_chip, v_alt_pattern_2,
          nicolae_vaults_tetromino_Z_1, vaults_room_stairs_pillars,
          nicolae_vaults_tetromino_Z_2, ontoclasm_vaults_twist,
          layout_vaults_omnibox
Vaults:2: portal_desolation_entry_nicolae_slug, v_misc_11,
          minmay_crypt_entry_necro_gods, nicolae_vaults_six-pack, v_misc_3,
          vaults_room_door_ring, nicolae_vaults_heart-shaped_vault,
          layout_vaults_omnigrid, uniq_zenata
Vaults:3: nicolae_vaults_asterisk, v_alt_pattern_3, nicolae_vaults_six-pack,
          nicolae_vaults_network_periphery, nicolae_vaults_twisting_passages,
          vaults_room_pool, nicolae_vaults_tetromino_T_1,
          nicolae_vaults_trapezoid_lopsided_2, nicolae_vaults_tangram_1,
          nicolae_vaults_sealed_display, nicolae_vaults_specimen_jars,
          layout_vaults_big_room
Vaults:4: nicolae_vaults_cornered_office, hangedman_vaults_stagger,
          nicolae_vaults_triangles, nicolae_vaults_network_barrier,
          vaults_room_grid, hangedman_vaults_hat,
          nicolae_vaults_surprise_closet, nicolae_vaults_double_plus_2,
          nicolae_vaults_double_plus_1, layout_vaults_omnicross, serial_shops,
          nicolae_shop_window_shopping, uniq_bai_suzhen
Depths:1: layout_gridville, hell_entry, serial_shops, nicolae_shop_behind_doors,
          grunt_pan_entry_zigzag, dk_noncrumbling_4, nicolae_ashenzari_skybound,
          uniq_mara, uniq_asterion
Depths:2: minmay_curly_fans, layout_cave_pools, serial_column_ruins,
          column_ruins_hut_water, column_ruins_open_medium,
          column_ruins_corridor_corner, column_ruins_grid_1,
          column_ruins_columns_plus, rand_demon_pan_entry_1,
          pf_hell_entry_tar_river, tso_metal_star, minivault_1
Depths:3: grunt_deathspiral_small, layout_honeycomb,
          chequers_serial_rivers_marsh, abyss_entry_glasseish, hell_entry,
          minmay_staircase_bubble, firewood_loft
Depths:4: grunt_crosshair, layout_cave_shapes, enter_ziggurat_a, hell_entry
Zot:1:    kennysheep_spiral_hall, layout_misc_corridors, lemuel_lich_library
Zot:2:    layout_gridlike, st_large_dragon_hoard_3
Zot:3:    gammafunk_dig_for_victory, layout_onion
Zot:4:    layout_misc_corridors
Zot:5:    layout_misc_corridors

Skill      XL: |  1  2  3  4  5  6  7  8  9 10 11 12 13 14 15 16 17 18 19 20 21 22 23 24 25 26 |
---------------+-------------------------------------------------------------------------------+-----
Maces & Flails | 3 4 5 6 7 8 10 11 12 16 18 21 22 | 22.0
Fighting       | 5 7 8 9 11 12 14 16 19 20 22 24 27 | 27.0
Dodging        | 2 4 6 8 10 11 | 11.0
Invocations    | 4 6 8 14 | 14.0
Evocations     | 2 3 |  3.0
Shapeshifting  | 1 7 |  7.0
Spellcasting   | 5 8 10 | 10.0
Conjurations   | 4 6 9 |  9.0
Transmutations | 4 6 8 |  8.9
Ice Magic      | 4 6 8 |  8.0
Translocations | 3 5 7 12 13 14 | 14.0
Armour         | 6 9 11 12 14 16 | 16.8
Stealth        | |  3.7

Action                     |  1- 3 |  4- 6 |  7- 9 | 10-12 | 13-15 | 16-18 | 19-21 | 22-24 | 25-27 || total
---------------------------+-------+-------+-------+-------+-------+-------+-------+-------+-------++-------
  Melee: Mace              |    56 |   135 |       |       |       |       |       |       |       ||   191
         Punch             |       |     1 |       |       |     1 |       |       |       |       ||     2
         Dire flail        |       |    97 |   276 |   619 |   134 |       |       |       |       ||  1126
         Dagger            |       |       |       |     5 |    17 |       |       |       |       ||    22
         Giant club        |       |       |       |       |   434 |       |       |       |       ||   434
         Giant spiked club |       |       |       |       |   163 |   652 |   765 |  1059 |   380 ||  3019
  Throw: Dart              |       |       |     1 |     5 |     6 |     2 |       |       |       ||    14
   Cast: Ozocubu's Armour  |       |       |       |       |     1 |     2 |     1 |     1 |       ||     5
         Irradiate         |       |       |       |       |     3 |    25 |    24 |       |       ||    52
         Lesser Beckoning  |       |       |       |       |       |     2 |    17 |       |       ||    19
         Manifold Assault  |       |       |       |       |       |       |       |   338 |   130 ||   468
         Blink             |       |       |       |       |       |       |       |       |     1 ||     1
 Invoke: Bend Time         |       |       |     1 |     3 |    15 |     1 |     1 |       |       ||    21
         Slouch            |       |       |       |    11 |    17 |    15 |    15 |     3 |     2 ||    63
         Temporal Distorti |       |       |       |     1 |     9 |     6 |     7 |       |       ||    23
         Step From Time    |       |       |       |       |       |     3 |     3 |       |       ||     6
Ability: Begin Untransform |       |       |       |       |     1 |       |       |       |       ||     1
  Evoke: Wand              |       |       |     2 |     9 |     6 |       |     6 |     3 |       ||    26
         Phial of floods   |       |       |       |       |       |       |     1 |       |       ||     1
         Phantom mirror    |       |       |       |       |       |       |       |     1 |       ||     1
    Use: Scroll            |     2 |     4 |     3 |    13 |    23 |     7 |    17 |     8 |     7 ||    84
         Potion            |     1 |       |     5 |     4 |     6 |     3 |     6 |     7 |       ||    32
   Stab: Sleeping          |     2 |     3 |     2 |    10 |     8 |    17 |       |       |       ||    42
         Distracted        |       |       |     1 |     4 |     2 |     5 |    12 |     4 |     4 ||    32
         Invisible         |       |       |     1 |       |       |       |       |     2 |       ||     3
 Armour: Robe              |    48 |   164 |   157 |   103 |       |       |       |       |       ||   472
         Acid dragon scale |       |       |       |   328 |   670 |   469 |       |       |       ||  1467
         Skin              |       |       |       |       |     1 |       |       |       |       ||     1
         Swamp dragon scal |       |       |       |       |       |   330 |   318 |       |       ||   648
         Gold dragon scale |       |       |       |       |       |       |   476 |   564 |   274 ||  1314
  Dodge: Dodged            |    30 |   110 |   177 |   465 |   724 |   896 |   858 |   660 |   242 ||  4162
   Form: Beast             |       |       |       |     1 |       |       |       |       |       ||     1

Table legend: (Time is in decaauts)
 A = Elapsed time spent in this place.
 B = Non-inter-level travel time spent in this place.
 C = Inter-level travel time spent in this place.
 D = Time resting spent in this place.
 E = Time spent auto-exploring this place.
 F = Levels seen in this place.
 G = Mean time per level.
                   A        B        C        D        E       F      G
               +--------+--------+--------+--------+--------+-----+--------+
         Total | 117652 | 107089 |  10563 |  36598 |  48935 |  55 | 2139.1 |
       Dungeon |  31010 |  26881 |   4129 |  10073 |  11244 |  15 | 2067.3 |
          Lair |  13321 |  11713 |   1608 |   3550 |   5870 |   5 | 2664.2 |
         Swamp |   8492 |   7985 |    507 |   2790 |   3651 |   4 | 2123.0 |
     Snake Pit |  11839 |  11547 |    292 |   4479 |   4842 |   4 | 2959.8 |
    Slime Pits |   3779 |   3641 |    138 |   1579 |   1221 |   5 |  755.8 |
  Orcish Mines |   4840 |   4033 |    807 |   1224 |   1700 |   2 | 2420.0 |
   Elven Halls |  10125 |   9299 |    826 |   3105 |   4373 |   3 | 3375.0 |
        Vaults |   8895 |   7878 |   1017 |   1272 |   5321 |   4 | 2223.8 |
        Depths |   8923 |   8157 |    766 |   2234 |   4722 |   4 | 2230.8 |
           Zot |   9894 |   9426 |    468 |   3057 |   4658 |   5 | 1978.8 |
        Bailey |   1051 |   1051 |      0 |    542 |     94 |   1 | 1051.0 |
      Ice Cave |   2923 |   2923 |      0 |   1738 |    318 |   1 | 2923.0 |
    Desolation |   1947 |   1947 |      0 |    826 |    630 |   1 | 1947.0 |
      Gauntlet |    606 |    606 |      0 |    125 |    287 |   1 |  606.0 |
               +--------+--------+--------+--------+--------+-----+--------+

Top non-repeatable levels by time:
   Elf:3: 3835 daAuts
    D:13: 3814 daAuts
Depths:3: 3806 daAuts
    D:11: 3732 daAuts
 Snake:4: 3683 daAuts
  Lair:1: 3554 daAuts
   Elf:1: 3493 daAuts
    D:15: 3463 daAuts
  Lair:2: 3463 daAuts
  Lair:5: 3248 daAuts
 Snake:2: 3181 daAuts
Vaults:2: 3009 daAuts
   IceCv: 2923 daAuts
   Orc:2: 2887 daAuts
   Zot:5: 2801 daAuts
